NCAA
PENN STATE NITTANY LIONS @ DUKE BLUE DEVILS
04/09/2023
 
TOP OF THE 1ST
Penn State Nittany Lions batting - Pitching for Duke Blue Devils : RHP Peter Watson
Pitching: RHP Peter Watson
Batting: LHB Andrew Russell 0-0: SINGLE (Flyball, 8LS)
Batting: RHB Bob Cole 0-0: Ball
1-0: SINGLE (Groundball, 56D)
Andrew Russell to second
Batting: RHB Tom Gordon 0-0: Called Strike
0-1: Called Strike
0-2: Foul Ball, location: 2F
0-2: Strikes out looking
Batting: RHB Brant Sherman 0-0: Called Strike
0-1: Called Strike
0-2: Ball
1-2: Foul Ball, location: 2F
1-2: Ball
2-2: DOUBLE (Line Drive, 7LD)
Andrew Russell scores
Bob Cole to third
Runner from 3rd tries for Home, SAFE, no throw or cutoff
Batting: RHB William Rogers 0-0: Called Strike
0-1: Swinging Strike
0-2: Strikes out looking
Batting: SHB Jim Gibson 0-0: Swinging Strike
0-1: Swinging Strike
0-2: Foul Ball, location: 2F
0-2: Foul Ball, location: 2F
0-2: Ground out 6-3 (Groundball, 6M)
Top of the 1st over - 2 run(s), 3 hit(s), 0 error(s), 1 left on base; Penn State 2 - Duke 0
BOTTOM OF THE 1ST
Duke Blue Devils batting - Pitching for Penn State Nittany Lions : RHP Charlie Keller
Pitching: RHP Charlie Keller
Batting: RHB Randy Simons 0-0: Ball
1-0: Foul Ball, location: 2F
1-1: Bunt for hit - play at first, batter OUT! 5-3
Batting: SHB Luis Zamora 0-0: Ground out U3 (Groundball, 3)
Batting: LHB Vicente Chávez 0-0: Ball
1-0: Called Strike
1-1: Foul Ball, location: 2F
1-2: Ball
2-2: Foul Ball, location: 2F
2-2: Ball
3-2: Fly out, F6 (Line Drive, 6)
Bottom of the 1st over - 0 run(s), 0 hit(s), 0 error(s), 0 left on base; Penn State 2 - Duke 0
TOP OF THE 2ND
Penn State Nittany Lions batting - Pitching for Duke Blue Devils : RHP Peter Watson
Batting: RHB Mark Roy 0-0: Swinging Strike
0-1: Ball
1-1: Ball
2-1: Foul Ball, location: 2F
2-2: Ball
3-2: Ground out 6-3 (Groundball, 6)
Batting: RHB Johnny Hood 0-0: Ball
1-0: Ball
2-0: Ball
3-0: Base on Balls
Batting: RHB Jim Anderson 0-0: Ball
1-0: SINGLE (Groundball, 4M)
Johnny Hood to second
Batting: LHB Andrew Russell 0-0: Ball
1-0: Called Strike
1-1: Fielders Choice at 2nd, U6 (Groundball, 6M)
Johnny Hood to third
Batting: RHB Bob Cole 0-0: Ball
1-0: SINGLE (Groundball, 34D)
Johnny Hood scores
Andrew Russell to second
Runner from 2nd tries for 3rd, OUT!
Top of the 2nd over - 1 run(s), 2 hit(s), 0 error(s), 1 left on base; Penn State 3 - Duke 0
BOTTOM OF THE 2ND
Duke Blue Devils batting - Pitching for Penn State Nittany Lions : RHP Charlie Keller
Batting: RHB Don Turner 0-0: Ball
1-0: Ball
2-0: SINGLE (Line Drive, 7S)
Batting: SHB Walt Simmons 0-0: Ball
1-0: Ball
2-0: Called Strike
2-1: Ball
3-1: Swinging Strike
3-2: Strikes out swinging
Don Turner is caught stealing 2nd base
Batter strikes out.
Batting: RHB Mike Ingram Error on foul ball, E9
0-1: Ball
1-1: Foul Ball, location: 2F
1-2: Ball
2-2: DOUBLE (Flyball, 89M)
Batting: LHB Ramón Salazar 0-0: Fly out, F8 (Flyball, 8LM)
Bottom of the 2nd over - 0 run(s), 2 hit(s), 1 error(s), 1 left on base; Penn State 3 - Duke 0
TOP OF THE 3RD
Penn State Nittany Lions batting - Pitching for Duke Blue Devils : RHP Peter Watson
Batting: RHB Tom Gordon 0-0: Called Strike
0-1: Ground out 4-3 (Groundball, 4)
Batting: RHB Brant Sherman 0-0: Called Strike
0-1: Ball
1-1: Fly out, F6 (Line Drive, 6)
Batting: RHB William Rogers 0-0: Ball
1-0: Foul Ball, location: 2F
1-1: Ball
2-1: Ball
3-1: Called Strike
3-2: SINGLE (Groundball, 34S)
Batting: SHB Jim Gibson 0-0: Called Strike
0-1: Swinging Strike
0-2: Strikes out swinging
Top of the 3rd over - 0 run(s), 1 hit(s), 0 error(s), 1 left on base; Penn State 3 - Duke 0
BOTTOM OF THE 3RD
Duke Blue Devils batting - Pitching for Penn State Nittany Lions : RHP Charlie Keller
Batting: RHB José Simms 0-0: Ball
1-0: Swinging Strike
1-1: Foul Ball, location: 2F
1-2: Ball
2-2: Ball
3-2: Foul Ball, location: 2F
3-2: Fly out, F9 (Flyball, 9M)
Batting: RHB Mitchell Johnston 0-0: Ball
1-0: Foul Ball, location: 2F
1-1: Called Strike
1-2: Ball
2-2: Ball
3-2: Base on Balls
Batting: RHB Randy Simons 0-0: Called Strike
0-1: Ball
1-1: Swinging Strike
1-2: Grounds into double play, 6-4-3 (Groundball, 6)
Bottom of the 3rd over - 0 run(s), 0 hit(s), 0 error(s), 0 left on base; Penn State 3 - Duke 0
TOP OF THE 4TH
Penn State Nittany Lions batting - Pitching for Duke Blue Devils : RHP Peter Watson
Batting: RHB Mark Roy 0-0: Ball
1-0: Ball
2-0: Swinging Strike
2-1: Ball
3-1: Foul Ball, location: 2F
3-2: Foul Ball, location: 2F
3-2: Base on Balls
Batting: RHB Johnny Hood 0-0: Called Strike
0-1: Called Strike
0-2: Strikes out swinging
Batting: RHB Jim Anderson 0-0: Ball
1-0: Ball
2-0: Called Strike
2-1: Ball
3-1: Base on Balls
Mark Roy to second
Batting: LHB Andrew Russell 0-0: Ball
1-0: Swinging Strike
1-1: Ball
2-1: Foul Ball, location: 2F
2-2: Foul Ball, location: 2F
2-2: Foul Ball, location: 2F
2-2: Foul Ball, location: 2F
2-2: Strikes out swinging
Batting: RHB Bob Cole 0-0: Ball
1-0: Ball
2-0: Fly out, F7 (Flyball, 7M)
Top of the 4th over - 0 run(s), 0 hit(s), 0 error(s), 2 left on base; Penn State 3 - Duke 0
BOTTOM OF THE 4TH
Duke Blue Devils batting - Pitching for Penn State Nittany Lions : RHP Charlie Keller
Batting: SHB Luis Zamora 0-0: Ball
1-0: Ball
2-0: Swinging Strike
2-1: Swinging Strike
2-2: Foul Ball, location: 2F
2-2: SOLO HOME RUN (Flyball, 89XD), Distance : 383 ft
Batting: LHB Vicente Chávez 0-0: Ball
1-0: Ball
2-0: Foul Ball, location: 2F
2-1: Foul Ball, location: 2F
2-2: Strikes out looking
Batting: RHB Don Turner 0-0: Fly out, F9 (Flyball, 9M)
Batting: SHB Walt Simmons 0-0: Ball
1-0: Ball
2-0: Ball
3-0: Base on Balls
Batting: RHB Mike Ingram 0-0: Ball
1-0: SINGLE (Groundball, 3L)
Walt Simmons to second
Throwing error, E9
Walt Simmons scores
Mike Ingram to second
Batting: LHB Ramón Salazar 0-0: Swinging Strike
0-1: Ball
1-1: Ball
2-1: Foul Ball, location: 2F
2-2: Strikes out swinging
Bottom of the 4th over - 2 run(s), 2 hit(s), 1 error(s), 1 left on base; Penn State 3 - Duke 2
TOP OF THE 5TH
Penn State Nittany Lions batting - Pitching for Duke Blue Devils : RHP Peter Watson
Batting: RHB Tom Gordon 0-0: Foul Ball, location: 2F
0-1: Ball
1-1: Foul Ball, location: 2F
1-2: Strikes out swinging
Pitching: RHP Larry Williams
Batting: RHB Brant Sherman 0-0: Called Strike
0-1: Ball
1-1: Ball
2-1: Swinging Strike
Reached via error on a dropped throw, E1
Batting: RHB William Rogers 0-0: Called Strike
Brant Sherman steals 2nd base
0-1: Ball
1-1: Ball
2-1: Foul Ball, location: 2F
2-2: Strikes out looking
Batting: SHB Jim Gibson 0-0: Fly out, F7 (Line Drive, 7M)
Top of the 5th over - 0 run(s), 0 hit(s), 1 error(s), 1 left on base; Penn State 3 - Duke 2
BOTTOM OF THE 5TH
Duke Blue Devils batting - Pitching for Penn State Nittany Lions : RHP Charlie Keller
Batting: RHB José Simms 0-0: Fly out, F8 (Flyball, 8RM)
Batting: RHB Mitchell Johnston 0-0: SINGLE (Line Drive, 6M)
Batting: RHB Randy Simons 0-0: Ball
1-0: Called Strike
1-1: Ball
2-1: Grounds into double play, 5-4-3 (Groundball, 5)
Bottom of the 5th over - 0 run(s), 1 hit(s), 0 error(s), 0 left on base; Penn State 3 - Duke 2
TOP OF THE 6TH
Penn State Nittany Lions batting - Pitching for Duke Blue Devils : RHP Larry Williams
Batting: RHB Mark Roy 0-0: Called Strike
0-1: Swinging Strike
0-2: Ball
1-2: Foul Ball, location: 2F
1-2: Ball
2-2: Foul Ball, location: 2F
2-2: Strikes out swinging
Batting: RHB Johnny Hood 0-0: Fly out, F7 (Flyball, 7M)
Batting: RHB Jim Anderson 0-0: Called Strike
0-1: Ball
1-1: Ground out 6-3 (Groundball, 6M)
Top of the 6th over - 0 run(s), 0 hit(s), 0 error(s), 0 left on base; Penn State 3 - Duke 2
BOTTOM OF THE 6TH
Duke Blue Devils batting - Pitching for Penn State Nittany Lions : RHP Charlie Keller
Batting: SHB Luis Zamora 0-0: Fly out, F8 (Flyball, 8RXD)
Batting: LHB Vicente Chávez 0-0: Called Strike
0-1: Ball
1-1: Ground out U3 (Groundball, 3S)
Batting: RHB Don Turner 0-0: Foul Ball, location: 2F
0-1: Fly out, F9 (Flyball, 9M)
Bottom of the 6th over - 0 run(s), 0 hit(s), 0 error(s), 0 left on base; Penn State 3 - Duke 2
TOP OF THE 7TH
Penn State Nittany Lions batting - Pitching for Duke Blue Devils : RHP Larry Williams
Batting: LHB Andrew Russell 0-0: Foul Ball, location: 2F
0-1: Ball
1-1: Foul Ball, location: 2F
1-2: Ball
2-2: Strikes out looking
Pitching: LHP Woodrow Mitchell
Batting: RHB Bob Cole 0-0: Called Strike
0-1: Ball
1-1: Foul Ball, location: 2F
1-2: Foul Ball, location: 2F
1-2: Foul Ball, location: 2F
1-2: Strikes out swinging
Batting: RHB Tom Gordon 0-0: Ball
1-0: Foul Ball, location: 2F
1-1: Ball
2-1: Called Strike
2-2: Strikes out swinging
Top of the 7th over - 0 run(s), 0 hit(s), 0 error(s), 0 left on base; Penn State 3 - Duke 2
BOTTOM OF THE 7TH
Duke Blue Devils batting - Pitching for Penn State Nittany Lions : RHP Charlie Keller
Batting: SHB Walt Simmons 0-0: Ball
1-0: Called Strike
1-1: Called Strike
1-2: Ball
2-2: Ground out 4-3 (Groundball, 4)
Pitching: RHP Ralph Miller
Batting: RHB Mike Ingram 0-0: Called Strike
0-1: SINGLE (Groundball, 34D)
Pinch Hitting: RHB Joe Leach 0-0: Called Strike
0-1: Ball
1-1: Ball
2-1: DOUBLE (Line Drive, 89S)
Mike Ingram to third
Batting: RHB José Simms 0-0: Ball
1-0: DOUBLE (Groundball, 3D)
Mike Ingram scores
Joe Leach scores
Batting: RHB Mitchell Johnston 0-0: Called Strike
0-1: Ball
1-1: Swinging Strike
1-2: Ball
2-2: Strikes out swinging
Batting: RHB Randy Simons 0-0: Called Strike
0-1: Ball
1-1: Foul Ball, location: 2F
1-2: 2-RUN HOME RUN (Flyball, 78XD), Distance : 383 ft
Pitching: RHP John Miller
Batting: SHB Luis Zamora 0-0: SOLO HOME RUN (Flyball, 89XD), Distance : 362 ft
Batting: LHB Vicente Chávez 0-0: Foul Ball, location: 2F
0-1: Ball
1-1: Foul Ball, location: 2F
1-2: Foul Ball, location: 2F
1-2: Ball
2-2: Ball
3-2: Strikes out swinging
Bottom of the 7th over - 5 run(s), 5 hit(s), 0 error(s), 0 left on base; Penn State 3 - Duke 7
TOP OF THE 8TH
Penn State Nittany Lions batting - Pitching for Duke Blue Devils : LHP Woodrow Mitchell
Now in CF: Ron Johnston
Batting: RHB Brant Sherman 0-0: Ball
1-0: Ground out 2-3 (Groundball, 25)
Batting: RHB William Rogers 0-0: Fly out, F7 (Flyball, 7M)
Batting: SHB Jim Gibson 0-0: Ball
1-0: Foul Ball, location: 2F
1-1: Called Strike
1-2: Ball
2-2: Ball
3-2: Base on Balls
Batting: RHB Mark Roy 0-0: SINGLE (Line Drive, 56D)
Jim Gibson to second
Pitching: RHP Jesse Evans
Batting: RHB Johnny Hood 0-0: Ball
1-0: Ball
2-0: Ball
3-0: Base on Balls
Jim Gibson to third
Mark Roy to second
Batting: RHB Jim Anderson 0-0: Ball
1-0: SINGLE (Groundball, 5L)
Jim Gibson scores
Mark Roy to third
Johnny Hood to second
Runner from 3rd tries for Home, SAFE, no throw or cutoff
Batting: LHB Andrew Russell 0-0: Called Strike
0-1: Foul Ball, location: 2F
0-2: Ball
1-2: Ball
2-2: Ball
3-2: Strikes out looking
Top of the 8th over - 2 run(s), 2 hit(s), 0 error(s), 2 left on base; Penn State 5 - Duke 7
BOTTOM OF THE 8TH
Duke Blue Devils batting - Pitching for Penn State Nittany Lions : RHP John Miller
Batting: RHB Don Turner 0-0: Called Strike
0-1: Ball
1-1: Ball
2-1: Ground out 5-3 (Groundball, 56)
Batting: SHB Walt Simmons 0-0: Ball
1-0: Ball
2-0: Foul Ball, location: 2F
2-1: Ball
3-1: Base on Balls
Batting: RHB Mike Ingram 0-0: Foul Ball, location: 2F
0-1: Ball
1-1: Ball
2-1: DOUBLE (Line Drive, 8RD)
Walt Simmons to third
Walt Simmons scores
Batting: LHB Ron Johnston 0-0: Foul Ball, location: 2F
0-1: Ground out 1-3 (Groundball, 13S)
Mike Ingram to third
Batting: RHB José Simms 0-0: SINGLE (Line Drive, 56D)
Mike Ingram scores
Pitching: LHP Bryce Johnston
Batting: RHB Mitchell Johnston 0-0: Called Strike
0-1: Ball
1-1: SINGLE (Line Drive, 8RS)
José Simms to second
Batting: RHB Randy Simons 0-0: Called Strike
0-1: Ball
1-1: Swinging Strike
1-2: Strikes out swinging
Bottom of the 8th over - 2 run(s), 3 hit(s), 0 error(s), 2 left on base; Penn State 5 - Duke 9
TOP OF THE 9TH
Penn State Nittany Lions batting - Pitching for Duke Blue Devils : RHP Jesse Evans
Batting: RHB Bob Cole 0-0: Called Strike
0-1: Foul Ball, location: 2F
0-2: Foul Ball, location: 2F
0-2: Ball
1-2: Ball
2-2: Ground out 5-3 (Groundball, 5L)
Batting: RHB Tom Gordon 0-0: Ball
1-0: Ball
2-0: Called Strike
2-1: Foul Ball, location: 2F
2-2: Foul Ball, location: 2F
2-2: Strikes out swinging
Batting: RHB Brant Sherman 0-0: Ball
1-0: Fly out, F8 (Flyball, 8RM)
Top of the 9th over - 0 run(s), 0 hit(s), 0 error(s), 0 left on base; Penn State 5 - Duke 9
This league is powered by Out of the Park Baseball, the baseball management simulation game for PC, Mac and Linux
Wednesday, December 2nd, 2015 - OOTP Baseball 16.8 Build 38